AoeStats
← boatman

African Clearing

504792602Analyzed
4v4 RM · 26d ago on Sep 6, 2026· 55m 53s· 8 players
Game mode
Random Map
Map size
Large (8 player)
Population
200
Speed
Normal
Resources
Standard
Victory
Conquest
Starting age
Dark Age
Ending age
Imperial Age
RankedLock teamsTeams togetherTeam positionsShared explorationLock speedFull tech treeHidden civsTurbo modeCheats
Victory
Defeat
🇬🇧 Huns · United Kingdom
1034
+14
🇨🇳 Vikings · China
1025
+14
🇮🇳 Khitans · India
947
+17
🇨🇭 Jurchens · Switzerland
930
+18
🇫🇷 Lithuanians · France
1099
-21
🇩🇪 Hindustanis · Germany
959
-15
🇫🇷 Teutons · France
944
-14
🇫🇷 Mongols · France
910
-13
Noonanx
5:04 Loom
12:45 Feudal Age
21:45 Castle Age
23:04 Double-Bit Axe
29:20 Horse Collar
32:18 Stone Mining
37:29 Wheelbarrow
40:23 Imperial Age
38:09 Fletching
38:20 Padded Archer Armor
38:46 Hand Cart
38:28 Gold Mining
39:17 Bodkin Arrow
39:46 Ballistics
40:27 Scale Barding Armor
40:41 Leather Archer Armor
42:10 Chemistry
41:55 Gold Shaft Mining
41:22 Bracer
43:54 Conscription
44:20 Elite Mangudai
49:30 Capped Ram
51:31 Husbandry
51:42 Bloodlines
51:50 Heavy Plow
52:03 Siege Ram
Notorious Guib
11:47 Loom
13:51 Feudal Age
14:34 Double-Bit Axe
25:22 Castle Age
25:22 Bloodlines
25:26 Forging
25:21 Scale Barding Armor
26:47 Iron Casting
26:50 Husbandry
27:42 Chain Barding Armor
35:16 Wheelbarrow
34:24 Horse Collar
34:57 Bow Saw
37:29 Imperial Age
36:09 Iron Casting
37:33 Cavalier
43:08 Hand Cart
42:50 Paladin
44:40 Conscription
50:08 Light Cavalry
52:35 Plate Barding Armor
53:22 Winged Hussar
kabotajoe
12:36 Loom
14:21 Feudal Age
19:07 Castle Age
17:56 Double-Bit Axe
18:18 Horse Collar
19:07 Bloodlines
19:56 Forging
23:21 Husbandry
-Dark-Bambi-
7:43 Loom
16:11 Feudal Age
24:49 Castle Age
25:36 Elite Skirmisher
27:09 Wheelbarrow
26:57 Padded Archer Armor
31:08 Forging
30:58 Scale Mail Armor
33:07 Pikeman
34:03 Horse Collar
44:09 Imperial Age
41:42 Heavy Plow
41:31 Double-Bit Axe
42:08 Hand Cart
42:35 Iron Casting
42:16 Chain Mail Armor
44:17 Elite Teutonic Knight
48:12 Chemistry
49:36 Halberdier
boatman
12:59 Loom
16:02 Feudal Age
16:35 Man-at-Arms
17:53 Arson
18:32 Forging
25:30 Castle Age
25:40 Pikeman
26:28 Squires
30:09 Iron Casting
33:06 Scale Mail Armor
32:49 Light Cavalry
33:30 Husbandry
41:29 Double-Bit Axe
41:32 Domestication
44:45 Imperial Age
43:44 Bow Saw
43:36 Pastoralism
44:33 Chain Mail Armor
46:22 Plate Mail Armor
50:41 Wheelbarrow
51:08 Two-Man Saw
50:40 Transhumance
51:43 Fletching
51:55 Padded Archer Armor
53:09 Ballistics
53:50 Chemistry
54:14 Hand Cart
55:00 Bodkin Arrow
55:21 Leather Archer Armor
55:20 Scale Barding Armor
54:53 Heavy Cavalry Archer
55:59 Parthian Tactics
54:55 Elite Skirmisher
55:51 Thumb Ring
55:51 Bracer
orb.blue
4:06 Loom
15:37 Feudal Age
19:28 Castle Age
17:23 Horse Collar
19:25 Wheelbarrow
19:47 Double-Bit Axe
20:47 Bow Saw
20:32 Horse Collar
21:36 Heavy Plow
26:30 Bloodlines
28:07 Scale Barding Armor
28:53 Husbandry
32:11 Forging
32:34 Chain Barding Armor
33:44 Hand Cart
34:21 Fortified Bastions
35:43 Iron Casting
36:26 Masonry
35:57 Treadmill Crane
42:24 Imperial Age
42:26 Elite Iron Pagoda
43:18 Thunderclap Bombs
43:36 Conscription
45:22 Blast Furnace
44:58 Plate Barding Armor
44:57 Ballistics
44:36 Murder Holes
45:29 Crop Rotation
46:38 Chemistry
46:32 Architecture
49:13 Padded Archer Armor
49:04 Fletching
50:54 Hoardings
53:57 Siege Engineers
54:17 Leather Archer Armor
54:50 Caravan
T - T
4:19 Loom
14:31 Feudal Age
15:51 Town Watch
19:30 Castle Age
18:22 Double-Bit Axe
19:24 Fletching
22:30 Crossbowman
37:47 Bow Saw
40:42 Horse Collar
45:44 Imperial Age
45:46 Bodkin Arrow
45:53 Padded Archer Armor
46:16 Ballistics
49:15 Bracer
49:15 Arbalester
51:55 Chemistry
51:49 Leather Archer Armor
54:43 Ring Archer Armor
54:18 Squires
55:16 Conscription
Clockwise Haggis
13:30 Feudal Age
14:30 Double-Bit Axe
15:52 Loom
16:21 Horse Collar
17:11 Bloodlines
22:39 Castle Age
25:00 Wheelbarrow
24:11 Town Watch
24:42 Heavy Plow
24:57 Bow Saw
24:56 Scale Barding Armor
25:02 Forging
28:29 Squires
30:13 Husbandry
31:06 Hand Cart
32:50 Iron Casting
32:26 Pikeman
33:14 Scale Mail Armor
37:37 Imperial Age
36:01 Marauders
36:03 Town Patrol
38:09 Cavalier
38:11 Light Cavalry
41:29 Masonry
41:14 Murder Holes
41:40 Ballistics
42:21 Chemistry
42:24 Blast Furnace
41:14 Fletching
41:25 Padded Archer Armor
41:51 Chain Mail Armor
41:57 Chain Barding Armor
41:22 Hussar
42:50 Elite Tarkan
43:51 Conscription
44:40 Halberdier
45:32 Elite Skirmisher
46:23 Thumb Ring
50:03 Plate Barding Armor
49:44 Leather Archer Armor
54:21 Parthian Tactics
53:17 Heavy Cavalry Archer
54:04 Thumb Ring
Connection lost

Rejoining the realm…

Still unreachable

The connection could not be restored.

Session expired

The server has moved on; the page needs a fresh start.